 Seeded DCSS version 0.30.1-4-g462c640d31 (webtiles) character file.

Game seed: 5076729093574436694 (custom seed)

52 Psyclone the Stinger (level 3, -5/21 HPs)
             Began as an Octopode Venom Mage on Sept 18, 2023.
             Slain by a sleepcap (9 damage)
             ... on level 5 of the Dungeon.
             The game lasted 00:03:19 (1517 turns).

Psyclone the Stinger (Octopode Venom Mage)          Turns: 1517, Time: 00:03:19

Health: -5/21      AC:  1    Str:  7    XL:     3   Next: 85%
Magic:  6/6        EV: 13    Int: 19    God:
Gold:   107        SH:  0    Dex: 12    Spells: 0/6 levels left

rFire   . . .        e - +0 dagger
rCold   . . .        (no shield)
rNeg    . . .        (helmet restricted)
rPois   .            (no amulet)
rElec   .            (no ring)
rCorr   .            (no ring)
SInv    .            (no ring)
Will    .....        (no ring)
Stlth   +++          (no ring)
HPRegen 0.23/turn    (no ring)
MPRegen 0.10/turn    (no ring)
                     (no ring)

%: no passive effects
@: no status effects
A: almost no armour, amphibious, 8 rings, camouflage 1, gelatinous body 1,
(nimble swimmer 1), tentacles
a: no special abilities


You were on level 5 of the Dungeon.
You visited 1 branch of the dungeon, and saw 4 of its levels.

You collected 107 gold pieces.

Inventory:

Hand Weapons
 e - a +0 dagger (weapon)
Scrolls
 b - a scroll of amnesia {unknown}
 d - 2 scrolls of noise {unknown}
 g - a scroll of teleportation {unknown}
 h - a scroll of fog {unknown}
 i - a scroll of acquirement {unknown}
 j - a scroll of silence {unknown}
 l - a scroll of identify {unknown}
Potions
 a - a potion of magic
 c - a potion of lignification {unknown}
 f - a potion of might {unknown}
 k - a potion of haste {unknown}


   Skills:
 - Level 2.0 Dodging
 - Level 2.6 Stealth
 - Level 2.0 Spellcasting
 - Level 1.0 Transmutations
 + Level 5.6 Poison Magic


You couldn't memorise any spells.
You knew the following spells:

 Your Spells              Type           Power      Damage    Failure   Level
a - Poisonous Vapours     Pois/Air       24%        N/A       9%          2
b - Sting                 Tmut/Pois      56%        1d5       4%          1
d - Mephitic Cloud        Conj/Pois/Air  9%         N/A       24%         3

Your spell library contained the following spells:

 Spells                   Type           Power      Damage    Failure   Level
 Olgreb's Toxic Radiance  Pois           23%        N/A       17%         4
 Summon Forest            Summ/Tloc      0%         N/A       99%         5
 Eringya's Noxious Bog    Tmut/Pois      7%         N/A       100%        6
 Summon Hydra             Summ           0%         N/A       100%        7


Dungeon Overview and Level Annotations

Branches:
Dungeon (5/15) Zot: 22483
 Temple: D:4-7

Altars:
The Shining One

Shops:
D:1 (   D:2 (


Innate Abilities, Weirdness & Mutations

You cannot wear most types of armour.
You are amphibious.
You can wear up to eight rings at the same time.
Your skin changes colour to match your surroundings (Stealth+).
Your rubbery body absorbs attacks. (AC +1, EV +1)
((You are camouflaged when in or above water. (Stealth+)))
You have tentacles for arms and can constrict up to eight enemies at once.


Message History

Magic restored.
You regained 6 hp, and now have 18/21 hp.
MP restored: 6 A sleepcap comes into view.
You see here 3 poisoned darts.
Casting: Poisonous Vapours (safe; 9% risk of failure)
Confirm with . or Enter, or press ? or * to list all spells.
You can't see any susceptible monsters within range! (Use Z to cast anyway.) Unknown command.
Casting: Poisonous Vapours (safe; 9% risk of failure)
Confirm with . or Enter, or press ? or * to list all spells.
You can't see any susceptible monsters within range! (Use Z to cast anyway.) Unknown command.
You hit the sleepcap but do no damage. You grab the sleepcap.
You constrict the sleepcap. The sleepcap misses you.
You hit the sleepcap but do no damage.
The sleepcap is lightly damaged.
You constrict the sleepcap, but do no damage.
The sleepcap barely misses you.
You hit the sleepcap.
The sleepcap is lightly damaged.
You constrict the sleepcap, but do no damage.
The sleepcap releases spores at you!
You are engulfed in a cloud of soporific spores!
You fall asleep.
You lose your grip on the sleepcap.
The sleepcap releases spores at you!
You wake up.
* * * LOW HITPOINT WARNING * * *
You take 15 damage, and have 4/21 hp.
MASSIVE DAMAGE!!
You hit the sleepcap but do no damage. You grab the sleepcap.
You squeeze the sleepcap.
The sleepcap is moderately damaged.
You constrict the sleepcap, but do no damage.
The sleepcap closely misses you.
You hit the sleepcap but do no damage. You squeeze the sleepcap.
The sleepcap is heavily damaged.
You constrict the sleepcap. The sleepcap barely misses you.
You hit the sleepcap but do no damage. You squeeze the sleepcap!
The sleepcap is severely damaged.
You constrict the sleepcap. The sleepcap releases spores at you!
You die...

#. .... ###
##......
....###......
............#
# #.#.#.#....
#.#.......#.#
#...#.#.#.#f#
#.......@.#
#.#.#.#..##
#.......##
#########


You could see a sleepcap.

Vanquished Creatures
  A gnoll (D:4)
  2 adders (D:2)
  A dart slug (D:1)
  2 ball pythons (D:2)
  3 endoplasms
  A giant cockroach (D:2)
  A goblin (D:1)
  2 hobgoblins
  A jackal (D:2)
  3 kobolds
  A quokka (D:2)
  4 bats
  A rat (D:2)
23 creatures vanquished.

Notes
Turn   | Place    | Note
-------+----------+-------------------------------------------
     0 | D:1      | Psyclone the Octopode Venom Mage began the quest for the
                  | Orb.
     0 | D:1      | Reached XP level 1. HP: 11/11 MP: 3/3
    19 | D:1      | Reached skill level 4 in Poison Magic
   292 | D:1      | Found Fyasaemi's Antique Weapon Boutique.
   297 | D:1      | Reached XP level 2. HP: 17/17 MP: 0/5
   984 | D:2      | Found a glowing golden altar of the Shining One.
  1035 | D:2      | Reached skill level 5 in Poison Magic
  1035 | D:2      | Reached XP level 3. HP: 21/21 MP: 1/6
  1181 | D:2      | Learned a level 2 spell: Poisonous Vapours
  1396 | D:2      | Found Fupison's Antique Weapon Emporium.
  1434 | D:2      | You fall into a shaft and drop 2 floors!
  1445 | D:4      | Learned a level 3 spell: Mephitic Cloud
  1478 | D:5      | Entered Level 5 of the Dungeon
  1517 | D:5      | Slain by a sleepcap

Illustrated notes

Levels and vault maps discovered:
D:1:      roderic_dead_forest, layout_loops_ring, serial_shops,
          nicolae_shop_trees
D:2:      layout_basic, serial_shops, shop_statue, basic_altar, st_stairs_7,
          chequers_mini_garden
D:4:      layout_basic, uniq_pikel, uniq_sigmund
D:5:      cheibrodos_helix_gallery, layout_basic,
          minmay_temple_entry_mini_moons, serial_co_window_serial,
          co_window_corner_a, co_window_paths_a, co_window_paths_a,
          co_window_paths_b, co_window_of_opportunity_a, co_window_corner_ca,
          co_window_2corner, co_window_corner_b, co_window_cross_4,
          co_window_corner_b, co_window_corner_b, co_window_2corner,
          glass_columns_c, glass_columns_a, glass_columns_b

Skill      XL: |  1  2 |
---------------+-------+-----
Poison Magic   | 4 5 |  5.6
Dodging        | |  2.0
Stealth        | |  2.6
Spellcasting   | |  2.0
Transmutations | |  1.0

Action                     || total
---------------------------++-------
  Melee: Unarmed           ||     5
         Tentacles         ||    11
         Constrict         ||     9
         Dagger            ||    35
   Cast: Sting             ||    13
         Poisonous Vapours ||     5
   Stab: Sleeping          ||     8
 Armour: Skin              ||     3
  Dodge: Dodged            ||    26
